Map: Snowy Mesa

Players

VertigO

  • Race: Protoss Protoss

RawDeluxe

  • Race: Protoss Protoss
  • League: Platinum

Tenonee

  • Race: Zerg Zerg
  • League: Diamond

CptHindsight

  • Race: Terran Terran

VOD

Have the link to the VOD?

Description

Time

  • Played on: July 26, 2016, 1:12 p.m.
  • Length: 17:07
Show
View Real Time Build Order
Export as new Build Order

VertigO Protoss 

Build Orders:  

Get SALT Encoding   

  12  0:01  Probe (Chrono Boost)  
  13  0:12  Probe (Chrono Boost)  
  14  0:20  Pylon  
  14  0:23  Probe (Chrono Boost)  
  15  0:38  Probe (Chrono Boost), Gateway  
  16  0:48  Probe (Chrono Boost)  
  17  0:52  Assimilator  
  17  0:54  Assimilator  
  17  0:59  Probe (Chrono Boost)  
  18  1:09  Probe (Chrono Boost)  
  19  1:15  Pylon  
  19  1:20  Probe (Chrono Boost)  
  20  1:30  Probe (Chrono Boost)  
  21  1:34  Cybernetics Core  
  21  1:37  Gateway  
  21  1:41  Probe (Chrono Boost)  
  22  1:52  Probe (Chrono Boost)  
  23  2:06  Pylon  
  23  2:11  Stalker  
  23  2:12  Warp Gate  
  23  2:13  Mothership Core (Chrono Boost)  
  27  2:34  Robotics Facility  
  27  2:36  Probe (Chrono Boost)  
  28  2:45  Stalker  
  28  2:46  Stalker  
  33  2:51  Probe (Chrono Boost)  
  33  3:19  Observer, Nexus  
  33  3:22  Probe (Chrono Boost)  
  35  3:34  Probe (Chrono Boost)  
  36  3:38  Observer  
  36  3:39  Stalker  
  39  3:47  Pylon  
  39  4:03  Observer  
  39  4:05  Stalker  
  39  4:07  Probe (Chrono Boost)  
  39  4:09  Pylon  
  43  4:19  Probe (Chrono Boost)  
  45  4:31  Probe (Chrono Boost)  
  45  4:34  Probe (Chrono Boost)  
  45  4:37  Immortal  
  46  4:40  Pylon  
  46  4:44  Probe x2 (Chrono Boost)  
  52  4:48  Robotics Bay  
  52  4:55  Probe (Chrono Boost)  
  52  4:56  Probe (Chrono Boost)  
  54  5:05  Probe (Chrono Boost)  
  56  5:08  Probe (Chrono Boost)  
  56  5:12  Immortal, Assimilator  
  56  5:13  Assimilator  
  56  5:16  Probe (Chrono Boost)  
  56  5:20  Probe (Chrono Boost), Sentry  
  64  5:26  Probe (Chrono Boost)  
  65  5:30  Forge  
  65  5:32  Probe (Chrono Boost)  
  66  5:37  Probe (Chrono Boost), Pylon  
  68  5:44  Probe (Chrono Boost)  
  68  5:47  Probe (Chrono Boost)  
  68  5:49  Extended Thermal Lance, Warp Prism  
  69  5:56  Probe (Chrono Boost)  
  72  5:58  Probe (Chrono Boost)  
  72  6:02  Pylon  
  73  6:05  Protoss Ground Weapons Level 1  
  73  6:08  Probe (Chrono Boost)  
  74  6:19  Probe (Chrono Boost)  
  74  6:21  Probe (Chrono Boost)  
  74  6:22  Colossus  
  83  6:33  Probe (Chrono Boost)  
  83  6:37  Gateway x2  
  83  6:38  Gateway  
  81  6:57  Probe (Chrono Boost)  
  81  6:59  Gateway  
  82  7:04  Stalker x2  
  83  7:19  Twilight Council  
  80  7:24  Probe (Chrono Boost)  
  80  7:28  Nexus  
  80  7:31  Zealot x2  
  84  7:38  Probe (Chrono Boost)  
  84  7:40  Probe (Chrono Boost)  
  86  7:46  Pylon  
  86  7:50  Pylon  
  86  7:56  Colossus  
  86  7:57  Pylon  
  86  7:59  Blink, Protoss Ground Weapons Level 2  
  86  8:05  Pylon  
  92  8:12  Gateway  
  92  8:16  Sentry  
  92  8:17  Sentry  
  92  8:18  Stalker x2  
  98  8:42  Probe (Chrono Boost)  
  98  8:43  Probe (Chrono Boost)  
  98  8:44  Probe (Chrono Boost), Gateway  
  98  8:45  Gateway, Pylon  
  98  8:46  Warp Prism  
  101  8:53  Probe (Chrono Boost)  
  103  8:56  Probe (Chrono Boost)  
  103  8:58  Probe (Chrono Boost)  
  104  9:08  Assimilator  
  104  9:09  Assimilator  
  104  9:12  Pylon  
  104  9:16  Pylon  
  104  9:17  Colossus, Pylon  
  104  9:20  Robotics Facility  
  104  9:22  Pylon  
  110  9:52  Charge  
  108  10:01  Zealot  
  108  10:02  Zealot x7  
  108  10:03  Zealot  
  108  10:04  Protoss Ground Weapons Level 3  
  126  10:08  Warp Prism, Templar Archives  
  126  10:10  Gateway  
  126  10:11  Gateway  
  126  10:13  Gateway  
  129  10:14  Probe (Chrono Boost)  
  129  10:16  Colossus  
  111  11:17  Stalker  
  111  11:18  Zealot x2, Colossus, Stalker  
  109  11:19  Zealot  
  109  11:20  Colossus  
  109  11:23  Zealot x4  
  110  11:49  Probe x2 (Chrono Boost)  
  112  12:02  Pylon  
  104  12:10  Observer  
  104  12:12  Observer  
  106  12:16  Robotics Facility  
  106  12:20  Pylon  
  106  12:21  Psionic Storm  
  106  12:22  Pylon  
  106  12:23  Nexus  
  106  12:24  Pylon  
  106  12:25  Assimilator  
  106  12:26  Protoss Ground Armor Level 1  
  106  12:29  Assimilator  
  106  12:31  Observer  
  107  12:41  Pylon  
  107  12:44  Pylon  
  107  12:51  Sentry x2  
  107  12:52  Zealot x2, Sentry  
  107  12:53  Zealot x5  
  107  12:54  Zealot x2  
  131  13:18  High Templar x3  
  131  13:19  High Templar x5  
  147  13:21  Sentry  
  147  13:22  Sentry x3  
  151  13:50  Dark Shrine  
  151  13:59  Pylon  
  151  14:01  Stalker x2, Pylon  
  155  14:03  Stalker  
  155  14:04  Stalker x3  
  155  14:05  Stalker  
  143  14:11  Protoss Ground Armor Level 2  
  143  14:14  Stalker x3  
  143  14:15  Stalker x2  
  147  14:27  Observer, Colossus  
  148  14:35  Colossus  
  148  14:37  Zealot x2, Photon Cannon  
  148  14:38  Zealot x4  
  168  14:39  Zealot x3  
  168  14:44  Observer Gravitic Boosters  
  178  14:48  Observer  
  152  15:09  Observer  
  135  15:26  Stalker x5  
  135  15:27  Stalker x6  
  135  15:28  Stalker  
  141  16:07  Zealot x6  
  141  16:08  Zealot x6  
  147  16:42  Nexus  
  147  16:45  Assimilator  
  141  16:49  Assimilator  
  141  16:52  Stalker x3, Pylon  
  141  16:53  Stalker x7  
  141  16:54  Stalker x2  
Show
View Real Time Build Order
Export as new Build Order

RawDeluxe Protoss 

Build Orders: 1 Gate Expand, Oracle Opening 

Get SALT Encoding   

  12  0:01  Probe (Chrono Boost)  
  13  0:16  Pylon  
  13  0:19  Probe (Chrono Boost)  
  14  0:36  Probe (Chrono Boost), Gateway  
  15  0:47  Probe (Chrono Boost)  
  16  0:59  Probe (Chrono Boost)  
  16  1:00  Assimilator  
  17  1:10  Probe (Chrono Boost)  
  18  1:27  Probe (Chrono Boost), Cybernetics Core  
  19  1:37  Probe (Chrono Boost)  
  20  1:43  Nexus  
  20  1:48  Assimilator  
  20  1:51  Probe (Chrono Boost)  
  21  2:04  Mothership Core (Chrono Boost)  
  23  2:22  Warp Gate  
  23  2:34  Pylon  
  23  2:46  Stargate  
  23  2:52  Probe (Chrono Boost)  
  25  2:58  Probe (Chrono Boost)  
  25  3:00  Forge  
  25  3:02  Probe (Chrono Boost)  
  26  3:09  Probe (Chrono Boost)  
  27  3:13  Probe (Chrono Boost)  
  27  3:15  Pylon  
  27  3:19  Probe (Chrono Boost)  
  29  3:24  Probe (Chrono Boost), Pylon  
  29  3:26  Oracle  
  30  3:30  Probe (Chrono Boost)  
  34  3:34  Photon Cannon  
  34  3:36  Probe (Chrono Boost)  
  34  3:40  Probe (Chrono Boost), Pylon  
  36  3:48  Probe (Chrono Boost)  
  36  3:51  Probe (Chrono Boost)  
  36  4:01  Probe (Chrono Boost), Photon Cannon  
  36  4:02  Probe (Chrono Boost)  
  38  4:06  Assimilator  
  38  4:07  Phoenix  
  38  4:12  Probe (Chrono Boost)  
  38  4:13  Probe (Chrono Boost)  
  39  4:40  Phoenix  
  41  4:46  Probe (Chrono Boost)  
  41  4:48  Probe (Chrono Boost)  
  43  4:53  Assimilator  
  43  4:57  Probe (Chrono Boost)  
  45  5:00  Probe (Chrono Boost)  
  45  5:02  Phoenix  
  47  5:08  Probe (Chrono Boost)  
  47  5:12  Probe (Chrono Boost)  
  49  5:18  Probe (Chrono Boost)  
  49  5:21  Photon Cannon  
  50  5:24  Probe (Chrono Boost)  
  51  5:35  Probe (Chrono Boost), Gateway x2  
  53  5:37  Probe (Chrono Boost)  
  53  5:38  Pylon  
  53  5:40  Pylon  
  53  5:41  Protoss Ground Weapons Level 1  
  53  5:44  Pylon, Phoenix  
  53  5:46  Probe (Chrono Boost)  
  53  5:49  Probe (Chrono Boost)  
  57  5:56  Stargate  
  57  5:57  Probe (Chrono Boost)  
  58  6:01  Probe (Chrono Boost)  
  59  6:06  Phoenix  
  59  6:07  Probe (Chrono Boost)  
  62  6:13  Probe (Chrono Boost)  
  63  6:31  Stalker  
  63  6:39  Stalker  
  65  6:40  Stalker  
  65  6:48  Phoenix  
  65  6:52  Phoenix  
  68  6:54  Probe (Chrono Boost)  
  68  7:02  Stalker  
  70  7:10  Phoenix  
  72  7:17  Phoenix  
  74  7:31  Phoenix  
  74  7:42  Phoenix  
  74  7:43  Stalker  
  76  8:02  Stalker x2  
  80  8:06  Robotics Facility  
  80  8:09  Phoenix  
  80  8:12  Photon Cannon  
  82  8:13  Phoenix  
  82  8:16  Pylon  
  82  8:17  Photon Cannon  
  84  8:31  Phoenix  
  86  8:41  Nexus  
  86  8:45  Assimilator  
  86  8:48  Assimilator  
  86  8:50  Pylon  
  86  8:53  Pylon  
  86  9:00  Nexus  
  86  9:03  Assimilator  
  86  9:04  Assimilator  
  86  9:08  Pylon  
  86  9:10  Pylon  
  86  9:18  Probe (Chrono Boost)  
  86  9:20  Probe (Chrono Boost), Stalker x3  
  86  9:22  Immortal  
  92  9:32  Phoenix  
  92  9:36  Gateway x2, Phoenix  
  96  9:40  Gateway x2  
  96  9:41  Probe (Chrono Boost), Gateway  
  96  9:42  Probe (Chrono Boost)  
  98  9:48  Photon Cannon  
  98  9:50  Photon Cannon  
  98  9:52  Probe (Chrono Boost)  
  99  9:55  Probe x2 (Chrono Boost)  
  99  9:57  Stalker  
  103  10:08  Stalker x2  
  103  10:11  Probe (Chrono Boost)  
  103  10:13  Probe (Chrono Boost)  
  109  10:16  Immortal  
  113  10:35  Fleet Beacon  
  113  10:42  Probe (Chrono Boost)  
  114  10:44  Probe (Chrono Boost)  
  114  10:45  Stalker x2  
  79  11:25  Phoenix  
  79  11:26  Stalker x2  
  79  11:27  Stalker  
  83  11:50  Stalker x3  
  83  11:51  Stalker  
  91  12:00  Observer  
  92  12:05  Phoenix  
  94  12:17  Photon Cannon  
  94  12:20  Photon Cannon  
  94  12:21  Photon Cannon, Stalker x2  
  94  12:22  Immortal, Stalker x2  
  106  12:23  Zealot, Photon Cannon  
  106  12:24  Zealot x3, Photon Cannon  
  106  12:26  Photon Cannon  
  106  12:27  Probe (Chrono Boost), Photon Cannon  
  106  12:28  Assimilator  
  106  12:29  Probe (Chrono Boost), Pylon  
  116  12:31  Pylon  
  116  12:34  Pylon  
  116  12:35  Photon Cannon  
  116  12:38  Photon Cannon  
  116  12:53  Stalker x5  
  116  12:55  Zealot x3  
  132  13:08  Anion Pulse-Crystals  
  130  13:20  Zealot x4  
  130  13:21  Zealot x3  
  144  13:32  Phoenix  
  144  13:54  Phoenix  
  144  13:59  Zealot x6  
  144  14:00  Zealot  
  130  14:39  Pylon  
  130  14:43  Pylon  
  130  14:46  Cybernetics Core  
  128  15:02  Zealot x6  
  107  15:15  Phoenix  
  99  15:25  Stargate  
  95  15:37  Phoenix  
  93  15:43  Immortal  
  73  16:09  Stalker x4  
  73  16:10  Stalker x2  
  85  16:23  Gateway  
  85  16:25  Gateway  
  85  16:27  Gateway, Nexus  
  85  16:30  Assimilator, Pylon  
  85  16:31  Stargate  
  85  16:32  Pylon  
  83  16:33  Pylon  
  83  16:34  Stalker x6  
  97  16:59  Stalker  
Show
View Real Time Build Order
Export as new Build Order

Tenonee Zerg 

Build Orders: Hatch First, Lurkers 

Get SALT Encoding   

  12  0:01  Drone  
  13  0:13  Overlord  
  13  0:18  Drone  
  14  0:32  Drone  
  14  0:33  Drone  
  16  0:37  Drone  
  17  0:48  Drone  
  18  0:58  Hatchery  
  18  1:00  Drone  
  18  1:08  Extractor  
  17  1:16  Spawning Pool  
  16  1:23  Drone x2  
  18  1:39  Overlord  
  18  1:42  Drone  
  19  1:57  Drone  
  20  2:03  Queen  
  20  2:05  Drone  
  23  2:11  Metabolic Boost  
  23  2:12  Queen  
  25  2:22  Drone x2  
  27  2:23  Drone  
  27  2:28  Drone  
  29  2:32  Drone  
  29  2:35  Overlord  
  30  2:42  Queen  
  32  2:47  Queen  
  34  2:55  Roach Warren  
  33  3:01  Overlord  
  33  3:03  Zergling x4  
  35  3:06  Zergling x2  
  36  3:17  Overlord  
  36  3:18  Drone  
  36  3:19  Drone x2  
  39  3:34  Drone x2  
  39  3:35  Drone  
  39  3:38  Zergling x6  
  45  3:46  Drone  
  45  3:47  Drone x5  
  48  4:03  Drone x4  
  48  4:06  Lair  
  48  4:09  Extractor x2  
  50  4:11  Extractor  
  49  4:20  Drone x3  
  49  4:21  Drone x2  
  49  4:22  Drone  
  49  4:36  Drone x4  
  53  4:55  Evolution Chamber, Roach  
  53  4:56  Roach x2  
  53  4:59  Overlord x2  
  58  5:05  Glial Reconstitution  
  58  5:16  Overlord x2  
  58  5:23  Drone  
  58  5:24  Drone x2  
  58  5:25  Drone  
  58  5:27  Zerg Ground Armor Level 1  
  62  5:36  Hatchery  
  62  5:38  Roach x4  
  62  5:42  Ravager x3  
  72  5:53  Spore Crawler  
  72  5:54  Spore Crawler  
  72  5:55  Spore Crawler  
  69  6:05  Queen  
  69  6:08  Roach x3  
  69  6:09  Roach x2  
  69  6:10  Roach  
  83  6:50  Roach  
  83  6:51  Roach x2  
  83  6:52  Overlord  
  83  6:53  Overlord x2  
  89  7:16  Roach x2  
  89  7:17  Roach x5  
  89  7:18  Roach  
  89  7:21  Zerg Missile Weapons Level 1  
  92  7:24  Drone  
  92  7:25  Drone x7  
  92  7:26  Drone x2  
  102  7:31  Hydralisk Den  
  102  7:35  Roach  
  102  7:36  Roach  
  105  7:47  Drone x3, Extractor  
  105  7:48  Drone  
  105  7:49  Extractor  
  105  7:50  Ravager x3  
  105  7:51  Ravager x2  
  112  8:04  Roach  
  112  8:05  Overlord x2  
  114  8:06  Overlord x2  
  114  8:16  Overlord x3  
  109  8:28  Spire  
  102  8:36  Hatchery  
  101  8:41  Hydralisk x2  
  101  8:42  Hydralisk x2, Roach x4  
  101  8:43  Roach x2  
  101  8:47  Lurker Den  
  121  9:14  Spore Crawler  
  121  9:15  Spore Crawler  
  121  9:16  Extractor  
  118  9:17  Hydralisk x8  
  134  9:26  Hydralisk  
  134  9:27  Hydralisk x2  
  140  9:35  Zerg Missile Weapons Level 2  
  140  9:39  Drone x2  
  140  9:40  Evolution Chamber, Drone  
  142  9:48  Drone x4  
  142  9:49  Drone x2  
  148  10:15  Muscular Augments  
  148  10:17  Lurker x4  
  148  10:18  Lurker x7  
  159  10:33  Infestation Pit  
  133  11:18  Hydralisk x4, Roach  
  117  11:19  Hydralisk x4, Roach x4  
  117  11:20  Hydralisk x4, Roach x5  
  117  11:21  Roach x2  
  121  11:41  Queen  
  121  11:44  Drone x4, Overlord  
  121  11:45  Extractor, Overlord x2  
  126  11:51  Hydralisk x2  
  126  11:52  Roach x3  
  107  12:10  Overseer x5  
  107  12:12  Pneumatized Carapace  
  107  12:15  Hydralisk x4, Roach  
  107  12:16  Hydralisk, Roach x5  
  127  12:32  Lurker x2  
  127  12:33  Lurker x3  
  127  12:35  Hydralisk x2  
  136  12:56  Hydralisk  
  136  12:57  Hydralisk x3, Roach x2  
  136  12:58  Hydralisk, Roach x4  
  156  12:59  Roach  
  136  13:35  Hydralisk x4, Roach x2  
  136  13:36  Hydralisk, Roach x4  
  136  13:37  Roach  
  136  13:38  Hatchery  
  136  13:39  Extractor  
  136  13:40  Extractor  
  124  14:12  Hydralisk x5, Roach x2  
  124  14:13  Hydralisk, Roach x5  
  147  14:24  Lurker x4  
  147  14:25  Lurker x2  
  152  14:46  Corruptor  
  152  14:47  Corruptor x4  
  129  15:03  Corruptor  
  129  15:04  Corruptor x2  
  100  15:24  Corruptor  
  100  15:25  Corruptor x4  
  81  15:48  Hydralisk  
  81  15:49  Hydralisk x3, Roach x4  
  85  15:50  Roach x2  
  75  16:24  Corruptor x5  
  73  16:58  Lurker x2  
Show
View Real Time Build Order
Export as new Build Order

CptHindsight Terran 

Build Orders:  

Get SALT Encoding   

  12  0:02  SCV  
  14  0:14  SCV  
  14  0:18  Supply Depot  
  14  0:26  SCV  
  15  0:40  SCV  
  15  0:41  Barracks  
  16  0:46  Refinery  
  16  0:52  SCV  
  17  1:04  SCV  
  17  1:05  Refinery  
  18  1:16  SCV  
  20  1:33  Barracks Reactor  
  20  1:35  Orbital Command  
  19  1:40  Supply Depot  
  19  1:59  Factory  
  19  2:01  SCV  
  20  2:09  Marine x2  
  20  2:13  SCV  
  23  2:25  SCV  
  23  2:26  Marine  
  23  2:27  Marine  
  26  2:36  Supply Depot  
  26  2:37  SCV  
  27  2:44  Marine  
  27  2:45  Marine  
  27  2:49  SCV  
  30  2:53  Starport  
  30  2:54  Factory Tech Lab  
  30  2:59  Factory Reactor  
  30  3:01  SCV  
  30  3:02  Marine  
  30  3:03  Marine  
  33  3:13  SCV  
  33  3:19  Bunker  
  34  3:20  Engineering Bay  
  34  3:25  Marine x2  
  34  3:26  SCV  
  37  3:31  Supply Depot  
  37  3:33  Barracks  
  37  3:51  Command Center  
  37  4:00  Medivac  
  37  4:01  Medivac  
  41  4:08  Supply Depot  
  41  4:09  SCV  
  42  4:15  Terran Infantry Weapons Level 1  
  42  4:26  Missile Turret  
  42  4:36  SCV  
  43  4:48  SCV  
  44  4:53  Barracks Tech Lab  
  44  4:55  Widow Mine  
  44  4:58  Medivac x2  
  44  4:59  Marine  
  50  5:00  Marine, SCV  
  53  5:11  Barracks  
  54  5:17  Marine x2  
  54  5:18  Orbital Command  
  54  5:20  SCV  
  56  5:23  Widow Mine  
  56  5:28  Stimpack  
  58  5:35  Marine, SCV  
  60  5:47  Marine  
  60  5:48  Marauder  
  63  5:53  Marine  
  64  6:02  Missile Turret  
  64  6:03  Missile Turret  
  64  6:04  SCV  
  64  6:05  Marine  
  64  6:06  SCV  
  64  6:08  Missile Turret, Marine  
  68  6:13  Missile Turret  
  68  6:16  SCV  
  69  6:19  SCV  
  69  6:32  Marauder  
  70  6:39  Terran Infantry Armor Level 1  
  70  6:41  Marine, SCV  
  70  6:43  Marine  
  70  6:44  SCV  
  69  6:53  Marauder  
  62  6:56  Barracks Tech Lab  
  62  6:58  Barracks  
  62  6:59  Marine, SCV  
  62  7:00  SCV  
  65  7:01  Marine  
  65  7:03  Refinery  
  66  7:10  Refinery  
  66  7:11  SCV  
  66  7:12  SCV  
  66  7:15  Marauder  
  70  7:35  SCV x2  
  70  7:43  Marine  
  70  7:44  Marine  
  70  7:47  Marauder  
  70  7:49  Marine  
  69  7:53  Factory Reactor  
  69  7:55  Barracks Reactor  
  69  7:57  Barracks  
  67  8:01  Marine  
  67  8:02  Marine  
  67  8:03  Supply Depot  
  67  8:04  Supply Depot  
  69  8:06  Supply Depot  
  69  8:07  SCV  
  69  8:08  Supply Depot  
  70  8:19  Supply Depot  
  70  8:25  Marine x4, SCV x2  
  76  8:30  Supply Depot  
  76  8:36  Medivac  
  76  8:37  SCV x2  
  80  8:43  Marine, Marauder  
  80  8:45  Armory  
  83  8:58  Supply Depot, Barracks Reactor  
  83  9:01  Marauder  
  83  9:02  Marine  
  88  9:04  Marauder  
  88  9:06  Command Center  
  88  9:08  Marine x2  
  90  9:10  Widow Mine  
  90  9:14  Widow Mine  
  94  9:27  Medivac x2  
  94  9:29  Marine x2  
  98  9:37  Marine x5  
  103  9:43  Supply Depot  
  103  9:49  Terran Infantry Weapons Level 2  
  103  9:53  Engineering Bay  
  103  9:55  SCV  
  103  9:57  Medivac  
  106  10:19  Orbital Command  
  106  10:25  Marine x6, Marauder x2  
  116  10:41  Orbital Command  
  116  10:42  Marine  
  116  10:43  Marine x5  
  116  10:45  Marine  
  117  11:00  Marine, Marauder  
  117  11:04  Marauder  
  109  11:14  Marine  
  96  11:21  Marauder  
  96  11:23  Marine x3  
  96  11:25  Marauder  
  79  11:41  Marine  
  79  11:42  Widow Mine  
  79  11:43  Marauder  
  79  11:47  Marauder  
  86  12:07  Marine  
  86  12:08  Marine x6  
  90  12:14  Medivac  
  95  12:16  Medivac  
  95  12:21  Combat Shields  
  97  12:31  Terran Infantry Armor Level 2  
  97  12:33  Orbital Command  
  97  12:43  Marine, Refinery x2  
  97  12:44  Marine x4  
  102  12:59  Marine x3  
  102  13:00  Liberator x2  
  102  13:01  Marine x3  
  102  13:02  Marine x2  
  102  13:04  Terran Infantry Weapons Level 3  
  116  13:25  Starport  
  116  13:30  Marine  
  116  13:31  Marine x5, Marauder x2  
  126  13:43  Liberator x2  
  122  13:48  Marine x2  
  122  13:49  Marine x4  
  122  13:51  Marine  
  122  13:52  Marine  
  134  14:06  Marine x4  
  134  14:07  Marine x2  
  136  14:10  Marauder x2  
  112  14:24  Marine  
  112  14:26  Liberator x2  
  112  14:29  Starport Reactor  
  112  14:31  Supply Depot, Marine x7  
  120  14:39  Supply Depot  
  120  14:42  Marine  
  120  14:43  Supply Depot  
  127  14:47  Concussive Shells  
  127  14:48  Marine x2  
  127  14:49  Marine x5  
  134  14:59  Marine  
  132  15:06  Marine x3  
  132  15:07  Marine x2, Marauder x2  
  131  15:08  Liberator  
  97  15:23  Marine  
  97  15:24  Marine x5  
  106  15:29  Marauder x2  
  100  15:40  Marine  
  100  15:42  Marine x5  
  95  15:47  Liberator x2  
  92  15:50  Marauder x2  
  96  15:58  Marine  
  96  16:00  Marine x5  
  89  16:05  Widow Mine  
  97  16:12  Marauder x2  
  97  16:16  Marine  
  97  16:17  Marine  
  97  16:18  Marine x2  
  105  16:22  SCV x2  
  105  16:33  Marauder x2  
  105  16:34  SCV x2  
Tags
 
Add a new tag
Caveats
  • Supply blocks, unpowered buildings, or Contaminate may cause inaccurate times.
  • Supply counts are checked every 10 seconds.